 Dungeon Crawl Stone Soup version 0.29-a0-775-g4d7333d4e2 (webtiles) character file.

Game seed: 2431133309096616573

28 Zdeegee the Sneak (level 3, -3/36 HPs)
             Began as an Octopode Brigand on July 1, 2022.
             Slain by a black bear (4 damage)
             ... on level 2 of the Dungeon.
             The game lasted 00:01:49 (1177 turns).

Zdeegee the Sneak (Octopode Brigand)                Turns: 1177, Time: 00:01:50

Health: -3/36      AC: 21    Str: 10    XL:     3   Next: 14%
Magic:  3/3        EV:  2    Int: 13    God:
Gold:   25         SH:  0    Dex: 15    Spells: 2/2 levels left

rFire   . . .      SeeInvis .   a - +2 dagger
rCold   . . .      Faith    .   (no shield)
rNeg    . . .      Spirit   .   (helmet currently unavailable)
rPois   +          Reflect  .   (no amulet)
rElec   .          Harm     .   (no ring)
rCorr   .          Rampage  .   (no ring)
Will    .....      NoTele   +   (no ring)
Stlth   +++.......              (no ring)
HPRegen 0.12/turn               (no ring)
MPRegen 0.08/turn               (no ring)
                                (no ring)
                                (no ring)

@: tree-form
A: stationary, stasis, torment immunity, boosted hp, almost no armour,
(amphibious), 8 rings, (camouflage 1), (gelatinous body 1), (nimble swimmer 1),
(tentacles)
a: no special abilities


You were on level 2 of the Dungeon.
You were a tree.
You visited 1 branch of the dungeon, and saw 2 of its levels.

You collected 25 gold pieces.

Inventory:

Hand Weapons
 a - a +2 dagger (weapon)
Missiles
 b - 9 poisoned darts (quivered)
 c - 3 curare-tipped darts
Scrolls
 d - a scroll of enchant armour {unknown}
 e - a scroll of fog {unknown}
 f - 3 scrolls of identify {unknown}
 h - a scroll of teleportation {unknown}
 j - a scroll of brand weapon {unknown}
 k - a scroll of enchant weapon {unknown}


   Skills:
 * Level 2.2 Fighting
 * Level 2.1 Short Blades
 * Level 2.0 Throwing
 + Level 1.0 Dodging
 * Level 6.0 Stealth
 * Level 0.7 Hexes
 * Level 1.2 Evocations


You had 2 spell levels left.
You didn't know any spells.
Your spell library contained the following spells:

 Spells                   Type           Power      Damage    Failure   Level
 Magic Dart               Conj           0%         1d3       30%         1
 Call Imp                 Summ           0%         N/A       43%         2
 Mephitic Cloud           Conj/Pois/Air  0%         N/A       67%         3
 Ozocubu's Armour         Ice            0%         N/A       67%         3
 Metabolic Englaciation   Hex/Ice        0%         N/A       100%        5
 Simulacrum               Ice/Necr       0%         N/A       100%        6


Dungeon Overview and Level Annotations

Branches:
Dungeon (2/15)

Altars:


Innate Abilities, Weirdness & Mutations

You are a tree.
Your roots penetrate the ground, keeping you stationary.
You cannot be teleported.
You are immune to unholy pain and torment.
Your maximum health is greatly increased.
You cannot wear most types of armour.
((You are amphibious.))
You can wear up to eight rings at the same time.
((Your skin changes colour to match your surroundings (Stealth+).))
((Your rubbery body absorbs attacks. (AC +1, EV +1)))
((You are camouflaged when in or above water. (Stealth+)))
((You have tentacles for arms and can constrict up to eight enemies at once.))


Message History

The black bear is lightly wounded.
The black bear bites you but does no damage.
The black bear barely misses you. x2
You hit the black bear.
The black bear is lightly wounded.
The black bear bites you but does no damage.
The black bear claws you.
* * * LOW HITPOINT WARNING * * *
The black bear claws you but does no damage.
You hit the black bear.
The black bear is moderately wounded.
The black bear bites you.
* * * LOW HITPOINT WARNING * * *
The black bear claws you but does no damage.
The black bear barely misses you.
You hit the black bear.
The black bear is moderately wounded.
The black bear barely misses you. x2
The black bear claws you but does no damage.
You hit the black bear but do no damage.
The black bear is moderately wounded.
It was a potion of flight.
Your roots keep you in place.
The black bear bites you but does no damage.
The black bear claws you.
* * * LOW HITPOINT WARNING * * *
The black bear claws you but does no damage.
You hit the black bear.
The black bear is heavily wounded.
The black bear bites you but does no damage.
The black bear claws you but does no damage.
The black bear barely misses you.
You barely miss the black bear.
The black bear is heavily wounded.
The black bear bites you but does no damage.
The black bear barely misses you.
The black bear claws you but does no damage.
You hit the black bear.
The black bear is severely wounded.
The black bear bites you.
You die...

.#.####.#####..#
#.#####..#######
#.##........##.#
#....##........#
#.##.##..#####.#
#..............#
#.##.###########
#....## #...#♣##
######
#.....###h##
.....# ......##
##S##.....#
......##
##.......#
......
#.##.....#
.....# #.#
.....# .##.. #.#
###### >.. #..


You could see a black bear and a ball python.

Vanquished Creatures
  A worm (D:2)
  5 ball pythons
  4 bats (D:1)
  2 endoplasms
  2 giant cockroaches (D:1)
  2 goblins (D:1)
  3 hobgoblins (D:1)
  A quokka (D:1)
  2 rats (D:1)
22 creatures vanquished.

Notes
Turn   | Place    | Note
-------+----------+-------------------------------------------
     0 | D:1      | Zdeegee the Octopode Brigand began the quest for the Orb.
     0 | D:1      | Reached XP level 1. HP: 14/14 MP: 1/1
   108 | D:1      | Reached XP level 2. HP: 18/19 MP: 2/2
   803 | D:1      | Reached skill level 6 in Stealth
  1026 | D:2      | Reached XP level 3. HP: 24/24 MP: 3/3
  1083 | D:2      | Reached skill level 1 in Evocations
  1158 | D:2      | Noticed a black bear
  1174 | D:2      | HP: 1/36 [black bear (2)]
  1177 | D:2      | Slain by a black bear

Illustrated notes

Levels and vault maps discovered:
D:1:      lordsloth_arrival_two_stooges, layout_basic
D:2:      layout_loops_cross, basic_altar, grunt_ministairs_15,
          uniq_crazy_yiuf_cottage

Skill      XL: |  1  2  3 |
---------------+----------+-----
Stealth        | 6 |  6.0
Evocations     | 1 |  1.2
Fighting       | |  2.2
Short Blades   | |  2.1
Throwing       | |  2.0
Dodging        | |  1.0
Hexes          | |  0.7

Action                   || total
-------------------------++-------
Melee: Dagger            ||    45
       Constrict         ||    12
       Tentacles         ||     7
  Use: Potion            ||     2
 Stab: Sleeping          ||     9
Armor: Skin              ||    20
Dodge: Dodged            ||    32

Table legend: (Time is in decaauts)
 A = Elapsed time spent in this place.
 B = Non-inter-level travel time spent in this place.
 C = Inter-level travel time spent in this place.
 D = Time resting spent in this place.
 E = Time spent auto-exploring this place.
 F = Levels seen in this place.
 G = Mean time per level.
                   A        B        C        D        E       F      G
               +--------+--------+--------+--------+--------+-----+--------+
         Total |   1172 |   1152 |     20 |      0 |    977 |   2 |  586.0 |
       Dungeon |   1172 |   1152 |     20 |      0 |    977 |   2 |  586.0 |
               +--------+--------+--------+--------+--------+-----+--------+

Top non-repeatable levels by time:
     D:1: 1016 daAuts
     D:2: 155 daAuts
